 Dungeon Crawl Stone Soup version 0.28-a0-1447-ga5a8893891 (webtiles) character file.

Game seed: 8548415119523878682

100 hashsling the Shooter (level 4, -2/24 HPs)
             Began as a Deep Elf Arcane Marksman on Jan 11, 2022.
             Killed by divine providence
             ... invoked by an orc priest
              (8 damage)
             ... on level 3 of the Dungeon.
             The game lasted 00:14:30 (2994 turns).

hashsling the Shooter (Deep Elf Arcane Marksman)    Turns: 2994, Time: 00:14:30

Health: -2/24      AC:  2    Str:  9    XL:     4   Next: 46%
Magic:  9/9        EV: 12    Int: 18    God:
Gold:   108        SH:  0    Dex: 15    Spells: 6/7 levels left

rFire   . . .      SeeInvis .   a - +0 shortbow
rCold   . . .      Faith    .   (shield currently unavailable)
rNeg    . . .      Spirit   .   d - +0 robe
rPois   .          Reflect  .   (no helmet)
rElec   .          Harm     .   (no cloak)
rCorr   .          Rampage  .   (no gloves)
Will    .....                   (no boots)
Stlth   +.........              (no amulet)
HPRegen 0.08/turn               (no ring)
MPRegen 0.11/turn               (no ring)

@: no status effects
A: no striking features
a: no special abilities


You were on level 3 of the Dungeon.
You visited 1 branch of the dungeon, and saw 3 of its levels.

You collected 130 gold pieces.
You spent 22 gold pieces at shops.

Inventory:

Hand Weapons
 a - a +0 shortbow (weapon)
 b - a +1 dagger of speed
Missiles
 c - 21 arrows (quivered ammo)
 i - 15 poisoned darts
Armour
 d - a +0 robe (worn)
 h - an orb of energy
Magical Staves
 g - a staff of death
Scrolls
 e - 4 scrolls of fear
 f - a scroll of magic mapping {unknown}
 j - a scroll of teleportation {unknown}
Potions
 k - a potion of resistance {unknown}
 l - a potion of brilliance {unknown}


   Skills:
 - Level 0.7 Fighting
 * Level 5.8 Bows
 - Level 2.4 Dodging
 + Level 2.2 Spellcasting
 + Level 4.3 Hexes


You had 6 spell levels left.
You knew the following spells:

 Your Spells              Type           Power      Damage    Failure   Level
a - Slow                  Hex            68%        N/A       3%          1

Your spell library contained the following spells:

 Spells                   Type           Power      Damage    Failure   Level
 Inner Flame              Hex/Fire       9%         N/A       22%         3
 Portal Projectile        Hex/Tloc       18%        N/A       22%         3
 Sublimation of Blood     Necr           2%         N/A       26%         2
 Cause Fear               Hex            8%         N/A       28%         4
 Frozen Ramparts          Ice            4%         1d2       47%         3
 Gell's Gravitas          Tloc           2%         N/A       47%         3
 Lesser Beckoning         Tloc           2%         N/A       47%         3
 Teleport Other           Tloc           2%         N/A       47%         3
 Summon Ice Beast         Ice/Summ       2%         N/A       87%         4
 Necromutation            Tmut/Necr      1%         N/A       100%        8


Dungeon Overview and Level Annotations

Branches:
Dungeon (3/15)

Altars:

Shops:
D:1 ?   D:2 !


Message History

You miss something. Something hits you.
You closely miss something. You closely miss something. Something hits you.
You closely miss something. Something hits you.
* * * LOW HITPOINT WARNING * * *
Okay, then.
Casting: Slow (safe; 3% risk of failure)
Confirm with . or Enter, or press ? or * to list all spells.
You can't see any susceptible monsters within range! (Use Z to cast anyway.)
Casting: Slow (safe; 3% risk of failure)
Confirm with . or Enter, or press ? or * to list all spells.
Aiming: Slow (safe; 3% risk of failure)
Press: ? - help, Shift-Dir - straight line Nothing appears to happen.
You hear some strange, mumbled words.
A puff of flame appears from out of thin air!
The puff of flame misses you.
A puff of flame appears from out of thin air!
The puff of flame hits you.
* * * LOW HITPOINT WARNING * * *
Found a stone staircase leading down.
Found a leather armour. 2 jackals come into view.
An orc comes into view. It is wielding a +0 morningstar.
An orc priest and an orc come into view.
The orc priest is wielding a +1 mace of holy wrath.
An orc wizard comes into view. It is wielding a +0 dagger.
The orc shouts!
The orc wizard shouts!
a - a +0 shortbow (weapon)
The orc priest shouts!
Fire: 22 arrows
Press: ? - help, Q - select action, (/) - cycle Shift-Dir - straight line, f - jackal
Aim: a jackal (asleep, 98% to hit)
You shoot an arrow. The arrow hits the jackal.
The jackal is moderately wounded.
The orc wizard gestures at you while chanting.
You resist with some effort.
The orc priest calls down the wrath of Beogh upon you.
Beogh smites you!
You die...

# #### ### .... ##.#
..... #..# ..... ###..# #
......#....# #
......#.##.#############
..o......>.[hh..........
# ####@##.# #######
....#....##.#############
.o.......................
..###.#####.############.
... #.# #. ### #.# ###.
#.# ###... #.# ###.....
#o# ##...####


You could see an orc priest, an orc wizard and 2 jackals.

Vanquished Creatures
  4 adders
  A worm (D:2)
  4 orcs (D:3)
  6 endoplasms
  A giant cockroach (D:1)
  4 goblins
  8 hobgoblins
  5 quokkas
  2 ball pythons (D:2)
  4 bats
  3 frilled lizards
  7 kobolds
  2 rats
51 creatures vanquished.

Vanquished Creatures (others)
  5 toadstools (D:1)
5 creatures vanquished.

Grand Total: 56 creatures vanquished

Notes
Turn   | Place    | Note
-------+----------+-------------------------------------------
     0 | D:1      | hashsling the Deep Elf Arcane Marksman began the quest for
                  | the Orb.
     0 | D:1      | Reached XP level 1. HP: 11/11 MP: 5/5
    18 | D:1      | Reached skill level 3 in Bows
   189 | D:1      | Reached XP level 2. HP: 16/16 MP: 6/6
   398 | D:1      | Reached skill level 4 in Bows
   537 | D:1      | Found Misahuow's Magic Scroll Emporium.
  1045 | D:2      | Reached XP level 3. HP: 20/20 MP: 4/7
  1218 | D:2      | Reached skill level 5 in Bows
  1526 | D:2      | Found Toonweim's Distillery.
  1622 | D:1      | Bought a scroll of identify for 22 gold pieces
  2129 | D:2      | Reached XP level 4. HP: 7/24 MP: 8/8
  2489 | D:2      | Got the Almanac of Icy Dark Rituals
  2994 | D:3      | Killed from afar by an orc priest

Illustrated notes

Levels and vault maps discovered:
D:1:      ldierk_walled_garden, layout_basic, serial_shops, nicolae_shop_stone,
          serial_bayou_pond_a, minmay_statues_item, st_stairs_1,
          minmay_misc_feat_tower
D:2:      minmay_skewed_foursquare, layout_basic, serial_shops,
          nicolae_lakefront_shop
D:3:      layout_rooms, serial_shops, nicolae_shop_competitors_out_of_business,
          hangedman_glass_teeth, chequers_serial_rivers_micro_e,
          grunt_ministairs_6

Skill      XL: |  1  2  3  4 |
---------------+-------------+-----
Bows           | 3 4 5 |  5.8
Spellcasting   | 2 |  2.2
Fighting       | |  0.7
Dodging        | |  2.4
Hexes          | |  4.3

Action                   |  1- 3 |  4- 6 || total
-------------------------+-------+-------++-------
Melee: Dagger            |    13 |    18 ||    31
       Whip              |    16 |       ||    16
 Fire: Shortbow          |    94 |    51 ||   145
 Cast: Slow              |     6 |     4 ||    10
  Use: Scroll            |     1 |       ||     1
Armor: Robe              |    10 |     4 ||    14
Dodge: Dodged            |    28 |    11 ||    39

Table legend: (Time is in decaauts)
 A = Elapsed time spent in this place.
 B = Non-inter-level travel time spent in this place.
 C = Inter-level travel time spent in this place.
 D = Time resting spent in this place.
 E = Time spent auto-exploring this place.
 F = Levels seen in this place.
 G = Mean time per level.
                   A        B        C        D        E       F      G
               +--------+--------+--------+--------+--------+-----+--------+
         Total |   2988 |   2832 |    156 |      0 |   2355 |   3 |  996.0 |
       Dungeon |   2988 |   2832 |    156 |      0 |   2355 |   3 |  996.0 |
               +--------+--------+--------+--------+--------+-----+--------+

Top non-repeatable levels by time:
     D:2: 1567 daAuts
     D:1: 1024 daAuts
     D:3: 396 daAuts
